 Dungeon Crawl Stone Soup version 0.20.0-15-g7f486f2 (webtiles) character file.

63 nikopol the Conjurer (level 3, 0/16 HPs)
             Began as a Spriggan Conjurer on June 13, 2017.
             Slain by a jackal (2 damage)
             ... on level 2 of the Dungeon.
             The game lasted 00:08:14 (1604 turns).

nikopol the Conjurer (Spriggan Conjurer)            Turns: 1604, Time: 00:08:15

Health: 0/16       AC:  2    Str:  4    XL:     3   Next: 87%
Magic:  0/8        EV: 18    Int: 17    God:
Gold:   87         SH:  7    Dex: 16    Spells: 5/8 levels left

rFire    . . .     SeeInvis +   g - +0 dagger
rCold    . . .     Gourm    .   d - +2 buckler
rNeg     . . .     Faith    .   a - +0 robe
rPois    .         Spirit   .   (helmet restricted)
rElec    .         Reflect  .   (no cloak)
rCorr    .         Harm     .   (gloves unavailable)
MR       .....                  (boots unavailable)
Stlth    ++........             (no amulet)
Regen    0.1/turn               (no ring)
MPRegen  0.2/turn               (no ring)

@: very quick
A: unfitting armour, see invisible, herbivore 3, speed 3, slow metabolism 2
a: no special abilities


You were on level 2 of the Dungeon.
You were not hungry.

You visited 1 branch of the dungeon, and saw 2 of its levels.

You collected 87 gold pieces.

Inventory:

Hand Weapons
 g - a +0 dagger (weapon)
Armour
 a - a +0 robe (worn)
 d - a +2 buckler (worn)
Scrolls
 e - a scroll of fog {unknown}
 f - 3 scrolls of remove curse {unknown}
 k - 2 scrolls of fear {unknown}
Potions
 h - a potion of degeneration {unknown}
 i - a potion of mutation {unknown}
 l - a potion of curing {unknown}
Books
 b - a book of Conjurations

   Spells                             Type                      Level
   a - Magic Dart                     Conjuration                  1
   b - Searing Ray                    Conjuration                  2
   c - Dazzling Spray                 Conjuration/Hexes            3
   d - Fulminant Prism                Conjuration/Hexes            4
   e - Force Lance                    Conjuration/Translocation    4
   f - Iskenderun's Mystic Blast      Conjuration                  4
Comestibles
 c - 3 bread rations
 j - a royal jelly


   Skills:
 + Level 3.2 Dodging
 + Level 3.0 Stealth
 * Level 0.7 Shields
 + Level 3.2 Spellcasting
 + Level 3.7 Conjurations


You had 5 spell levels left.
You knew the following spells:

 Your Spells              Type           Power        Failure   Level  Hunger
a - Magic Dart            Conj           ###.         5%          1    None
b - Searing Ray           Conj           ###...       9%          2    ##.....


Dungeon Overview and Level Annotations

Branches:
Dungeon (2/15)

Altars:


Innate Abilities, Weirdness & Mutations

You are very small and have problems with some larger weapons.
You are too small for most types of armour.
You have supernaturally acute eyesight. (SInv)
You are a herbivore.
You cover ground extremely quickly.
You need consume almost no food.


Message History

Aim: a jackal (lightly wounded)
The magic dart hits the jackal.
The jackal is moderately wounded.
Your magical contamination has completely faded away.
You hit the jackal.
The jackal is heavily wounded.
The jackal barely misses you. The jackal misses you.
You closely miss the jackal.
The jackal is heavily wounded.
You block the jackal's attack. The jackal closely misses you.
The jackal bites you.
You closely miss the jackal.
The jackal is heavily wounded.
The jackal barely misses you. The jackal bites you.
* * * LOW HITPOINT WARNING * * *
You block the jackal's attack.
You hit the jackal.
The jackal is severely wounded.
The jackal bites you.
You die...

#.# #.####
####.####>>..########
#...................#
...####....######.# #
#.####.#### #.# #.
#......# #.# .#.
#.###### #[######
.#.##.# #####......#
......# #@h.....##.#
.....## #h###...##.#
##.#.# #.###.#.##.#
#.#.# ...
..#.##....##.# #...#
.. . #.##.......#
####.# ...
#.##†##.#### ....g#
#.# #.g...(.# ####.#
###g# ####.#### #.#
#...#######†#


You could see 2 jackals and a hobgoblin.

Vanquished Creatures
  2 adders (D:2)
  2 worms (D:2)
  A dart slug (D:1)
  A leopard gecko (D:1)
  2 bats (D:1)
  A giant cockroach (D:2)
  4 hobgoblins
  A quokka (D:2)
  6 frilled lizards
  6 goblins
  6 kobolds
  5 rats (D:2)
37 creatures vanquished.

Notes
Turn   | Place    | Note
-------+----------+-------------------------------------------
     0 | D:1      | nikopol the Spriggan Conjurer began the quest for the Orb.
     0 | D:1      | Reached XP level 1. HP: 9/9 MP: 5/5
   229 | D:1      | Reached XP level 2. HP: 13/13 MP: 1/6
   278 | D:1      | Learned a level 2 spell: Searing Ray
  1098 | D:2      | Reached XP level 3. HP: 16/16 MP: 4/8
  1604 | D:2      | Slain by a jackal

Skill      XL: |  1  2  3 |
---------------+----------+-----
Conjurations   | 3 |  3.7
Spellcasting   | 3 |  3.2
Dodging        | |  3.2
Stealth        | |  3.0
Shields        | |  0.7

Action                   || total
-------------------------++-------
Melee: Dagger            ||    14
 Cast: Magic Dart        ||    82
       Searing Ray       ||     1
Armor: Robe              ||     2
Dodge: Dodged            ||    11
Block: Buckler           ||     4
